 Dungeon Crawl Stone Soup version 0.26.1-10-gdfb7c7de75 (webtiles) character file.

Game seed: 11123146883772966454

57379 ytrimaz the Fencer (level 14, -12/129 HPs)
             Began as a Minotaur Berserker on Apr 2, 2021.
             Was a High Priest of Trog.
             Killed from afar by a fire giant (30 damage)
             ... with a fireball
             ... on level 15 of the Dungeon.
             The game lasted 00:32:49 (16288 turns).

ytrimaz the Fencer (Minotaur Berserker)            Turns: 16288, Time: 00:32:50

Health: -12/129    AC: 21    Str: 26    XL:     14   Next: 45%
Magic:  13/13      EV: 14    Int:  4    God:    Trog [*****.]
Gold:   736        SH:  0    Dex: 11    Spells: 13/13 levels left

rFire    . . .     SeeInvis +   m - +6 demon blade (vorpal)
rCold    . . .     Faith    .   (no shield)
rNeg     . . .     Spirit   .   v - +0 plate armour
rPois    .         Reflect  .   (helmet restricted)
rElec    .         Harm     .   x - +0 cloak
rCorr    .         Rampage  .   g - +0 pair of gloves
Will     +....                  C - +0 pair of boots
Stlth    ..........             (no amulet)
HPRegen  0.31/turn              d - ring of see invisible
MPRegen  0.13/turn              e - +4 ring of evasion

@: studying Fighting
A: retaliatory headbutt, horns 2
a: Renounce Religion, Berserk, Trog's Hand, Brothers in Arms


You were on level 15 of the Dungeon.
You worshipped Trog.
Trog was extremely pleased with you.
You visited 1 branch of the dungeon, and saw 15 of its levels.
You also visited: Bailey.

You collected 811 gold pieces.
You spent 75 gold pieces at shops.

Inventory:

Hand Weapons
 k - a +4 antimagic triple sword
 m - a +6 vorpal demon blade (weapon)
 u - a +3 scimitar of flaming
 y - a +6 scimitar of freezing
Armour
 g - a +0 pair of gloves (worn)
 v - a +0 plate armour (worn)
 x - a +0 cloak (worn)
 C - a +0 pair of boots (worn)
Jewellery
 d - a ring of see invisible (left hand)
 e - a +4 ring of evasion (right hand)
 l - the amulet "Menit" {*Slow rC- Regen+ Slay+5 SInv}
   (You took it off a centaur warrior on level 13 of the Dungeon)

   [amulet of regeneration]

   It affects your accuracy and damage with ranged weapons and melee attacks
   (+5).
   It makes you vulnerable to cold.
   It lets you see invisible.
   It increases your rate of regeneration.
   It may slow you when you take damage.
 n - an uncursed ring of protection from fire
 o - the cursed ring "Dekhlodgh" {rElec rN++ Will- Str+4 Dex-4}
   (You found it on level 12 of the Dungeon)

   [ring of dexterity]

   It affects your strength (+4).
   It affects your dexterity (-4).
   It insulates you from electricity.
   It greatly protects you from negative energy.
   It affects your willpower, your defense against some magical effects.
   It has a curse placed upon it.
 E - an uncursed ring of ice
 K - an uncursed ring of positive energy {unknown}
Wands
 b - a wand of polymorph (23)
 r - a wand of random effects (21)
 z - a wand of enslavement (5)
 D - a wand of paralysis (5)
 F - a wand of acid (10)
 M - a wand of flame (3)
Scrolls
 c - 12 scrolls of teleportation
 h - 6 scrolls of blinking
 j - a scroll of magic mapping
 p - 4 scrolls of enchant armour
 q - 3 scrolls of enchant weapon
 H - a scroll of fog
 I - a scroll of identify
 L - a scroll of remove curse
 N - a scroll of brand weapon
Potions
 a - 3 potions of lignification
 f - 3 potions of haste
 i - 9 potions of curing
 s - 2 potions of heal wounds
 t - a potion of mutation {unknown}
 w - a potion of invisibility
 A - 3 potions of might
 B - a potion of brilliance {unknown}
 G - 2 potions of attraction
Books
 J - a manual of Fighting


   Skills:
 + Level 13.5 Fighting
 * Level 19.5 Long Blades
 + Level 14.0 Armour
 + Level 5.8 Dodging


You had 13 spell levels left.
You didn't know any spells.
Your spell library contained the following spells:

 Spells                   Type           Power        Failure   Level
 Foxfire                  Conj/Fire      0%           99%         1
 Magic Dart               Conj           0%           99%         1
 Static Discharge         Conj/Air       0%           100%        3
 Sticky Flame             Conj/Fire      0%           100%        4
 Fireball                 Conj/Fire      0%           100%        5
 Iron Shot                Conj/Erth      0%           100%        6


Dungeon Overview and Level Annotations

Branches:
Dungeon (15/15)            Temple (0/1) D:4            Lair (0/6) D:11
    Orc (0/2) D:12         Vaults (0/5) D:13         Depths (0/5) D:15
 Bailey (visited)

Altars:
Ashenzari
Cheibriados
Dithmenos
Gozag
Kikubaaqudgha
Makhleb
Trog
Xom
The Shining One

Shops:
D:5 [![   D:13 !   D:15 (

Portals:
Trove: D:13 (give +3 storm dragon scales)

Annotations:
D:9 3 runed translucent doors, Tirrikindir's ghost, journeyman OpBr
D:15 exclusion: oklob plant


Innate Abilities, Weirdness & Mutations

You reflexively headbutt those who attack you in melee.
You have a pair of horns on your head.


Message History

The centaur warrior zombie hits you but does no damage.
You slash the centaur warrior zombie!
You headbutt the centaur warrior zombie!
The centaur warrior zombie is heavily damaged.
The centaur warrior zombie misses you. You furiously retaliate!
You headbutt the centaur warrior zombie.
You riposte.
You slice the centaur warrior zombie!!
You headbutt the centaur warrior zombie!
You destroy the centaur warrior zombie!
Trog accepts your kill.
An oklob plant comes into view.
Marking area around an oklob plant as unsafe for travelling.
The fire giant casts a spell at you.
The fireball explodes!
The fireball engulfs you!!
The fire giant gestures at you while chanting.
The bolt of fire hits you!!!
* * * LOW HITPOINT WARNING * * *
The fire giant gestures at you while chanting.
The fireball explodes!
The fireball engulfs you!!
You die...

....... ........ ........
........ ........ P. ........
P.. ####### ##############...
....... .................
....... ........@........
....... ............§.§.≈
.....................≈≈#
..................≈.#≈≈≈≈
...................≈≈≈.≈.≈≈
..................≈≈§....§≈≈
...................#§≈C>.§≈.≈
..................≈≈§§..§§.≈.
..................§§≈≈.§.≈≈≈.


You could see a fire giant.

Vanquished Creatures
  An orc warlord (Bailey)
  Josephine (D:11)
  Erica (D:8)
  2 hydras (D:14)
  2 centaur warriors (D:13)
  Erolcha (D:10)
  2 catoblepae
  4 vault guards
  3 two-headed ogres
  2 unseen horrors
  4 lindwurms (D:9)
  A deep elf mage (D:13)
  3 ugly things
  3 manticores
  3 cyclopes
  A black mamba (shapeshifter) (D:14)
  A gargoyle (D:15)
  2 komodo dragons
  An efreet (D:14)
  6 trolls
  Prince Ribbit (D:7)
  2 shadows
  7 wraiths
  7 yaks
  4 wyverns
  2 basilisks
  Grum (D:8)
  4 vampire mosquitoes (D:13)
  A soldier ant (D:15)
  2 acid dragons
  A warg (D:12)
  Duvessa (D:7)
  3 water moccasins (D:11)
  An eye of draining (D:8)
  12 orc warriors
  6 ice beasts
  2 sky beasts
  4 black bears (D:11)
  2 phantoms
  3 ogres
  3 necrophages
  16 centaurs
  2 wolves (D:8)
  4 big kobolds
  15 bullfrogs
  Dowan (D:7)
  8 scorpions
  11 killer bees
  11 wights
  5 howler monkeys
  4 centaur zombies
  2 bullfrog zombies
  A quasit (D:12)
  3 bullfrog skeletons
  6 orc priests
  4 jellies
  5 centaur skeletons
  6 hounds
  6 orc wizards
  3 iguanas
  13 worker ants
  A hound zombie (D:6)
  A hound skeleton (D:9)
  4 gnolls
  14 adders
  2 shadow imps
  5 white imps
  An ufetubus (D:6)
  An ooze (D:2)
  An adder zombie (D:5)
  A worm (D:4)
  2 dart slugs
  12 leopard geckos
  43 orcs
  A ball python (D:4)
  7 giant cockroaches
  8 goblins
  9 hobgoblins
  7 jackals
  3 quokkas
  7 bats
  7 frilled lizards
  2 jackal skeletons
  35 kobolds
  6 rats
419 creatures vanquished.

Vanquished Creatures (collateral kills)
  A death knight (D:13)
1 creature vanquished.

Vanquished Creatures (others)
  50 fungi (D:11)
  89 plants
139 creatures vanquished.

Grand Total: 559 creatures vanquished

Notes
Turn   | Place    | Note
-------+----------+-------------------------------------------
     0 | D:1      | ytrimaz the Minotaur Berserker began the quest for the Orb.
     0 | D:1      | Reached XP level 1. HP: 19/19 MP: 0/0
   229 | D:1      | Reached XP level 2. HP: 27/27 MP: 1/1
   321 | D:1      | Reached skill level 4 in Long Blades
   789 | D:1      | Reached ** piety under Trog
   790 | D:1      | Reached XP level 3. HP: 28/33 MP: 2/2
  1070 | D:2      | Found a burning altar of Makhleb.
  1718 | D:2      | Reached XP level 4. HP: 33/41 MP: 3/3
  1935 | D:2      | Reached skill level 5 in Long Blades
  2213 | D:3      | Reached skill level 5 in Fighting
  2213 | D:3      | Reached XP level 5. HP: 46/48 MP: 4/4
  2219 | D:3      | Reached skill level 6 in Long Blades
  2632 | D:3      | Reached *** piety under Trog
  2788 | D:4      | Found a snail-covered altar of Cheibriados.
  2859 | D:4      | Found a staircase to the Ecumenical Temple.
  2968 | D:4      | Reached XP level 6. HP: 49/56 MP: 5/5
  3741 | D:5      | Entered Level 5 of the Dungeon
  3746 | D:5      | Reached skill level 7 in Long Blades
  3773 | D:5      | Reached XP level 7. HP: 29/62 MP: 6/6
  3913 | D:5      | Reached skill level 8 in Long Blades
  3913 | D:5      | Found a broken altar of Ashenzari.
  4089 | D:5      | Found Haositege's Distillery.
  4094 | D:5      | Bought a potion of curing for 42 gold pieces
  4122 | D:5      | Found Gylolof's Armour Boutique.
  4273 | D:5      | Identified the Disquisition on Attacks
  4307 | D:5      | Found Gexycsin's Armour Shop.
  4405 | D:6      | Reached skill level 9 in Long Blades
  4511 | D:6      | Reached XP level 8. HP: 57/71 MP: 7/7
  4632 | D:6      | Reached skill level 10 in Long Blades
  4705 | D:6      | Reached skill level 5 in Dodging
  5047 | D:6      | Found a glowing golden altar of the Shining One.
  5586 | D:7      | Reached **** piety under Trog
  5850 | D:7      | Noticed Prince Ribbit
  5859 | D:7      | Killed Prince Ribbit
  5860 | D:7      | Reached skill level 11 in Long Blades
  6115 | D:7      | Reached XP level 9. HP: 77/80 MP: 8/8
  6193 | D:7      | Noticed Duvessa
  6193 | D:7      | Noticed Dowan
  6216 | D:7      | Killed Duvessa
  6230 | D:7      | Killed Dowan
  6862 | D:8      | Found an opulent altar of Gozag.
  6869 | D:8      | Found an ancient bone altar of Kikubaaqudgha.
  6871 | D:8      | Found a shimmering altar of Xom.
  6874 | D:8      | Found a shadowy altar of Dithmenos.
  6951 | D:8      | Reached skill level 5 in Armour
  6959 | D:8      | Reached skill level 12 in Long Blades
  7048 | D:8      | Noticed Erica
  7059 | D:8      | Killed Erica
  7301 | D:8      | Noticed Grum
  7305 | D:8      | Killed Grum
  7443 | D:8      | Found a bloodstained altar of Trog.
  7460 | D:8      | Reached XP level 10. HP: 91/91 MP: 0/9
  7592 | D:8      | Found an ancient bone altar of Kikubaaqudgha.
  7734 | D:8      | Reached skill level 13 in Long Blades
  8151 | D:9      | Noticed a two-headed ogre
  8156 | D:9      | Killed a two-headed ogre
  8197 | D:9      | Noticed a lindwurm
  8219 | D:9      | Killed a lindwurm
  8222 | D:9      | Noticed a lindwurm
  8222 | D:9      | Noticed a lindwurm
  8222 | D:9      | Noticed a lindwurm
  8225 | D:9      | Killed a lindwurm
  8225 | D:9      | Reached ***** piety under Trog
  8232 | D:9      | Killed a lindwurm
  8233 | D:9      | Reached skill level 14 in Long Blades
  8235 | D:9      | Killed a lindwurm
  8236 | D:9      | Reached skill level 10 in Fighting
  8750 | D:9      | Found a runed translucent gate.
  8750 | D:9      | Found a runed translucent gate.
  8750 | D:9      | Found a runed translucent gate.
  8751 | D:9      | Noticed an 11-headed hydra
  8752 | D:9      | Noticed Tirrikindir's ghost (journeyman OpBr)
  8950 | D:9      | Noticed a two-headed ogre
  8956 | D:9      | Killed a two-headed ogre
  8957 | D:9      | Reached XP level 11. HP: 94/101 MP: 10/10
  9097 | D:10     | Entered Level 10 of the Dungeon
  9136 | D:10     | Reached skill level 10 in Armour
  9324 | D:10     | Noticed Erolcha
  9332 | D:10     | Killed Erolcha
  9507 | D:10     | Noticed a two-headed ogre
  9518 | D:10     | Killed a two-headed ogre
  9866 | D:10     | Found a broken altar of Ashenzari.
  9868 | D:10     | Found a stormy altar of Qazlal.
  9868 | D:10     | Found an ancient bone altar of Kikubaaqudgha.
  9870 | D:10     | Found an ancient bone altar of Kikubaaqudgha.
  9870 | D:10     | Found a shimmering altar of Xom.
  9870 | D:10     | Found a sacrificial altar of Ru.
 10024 | D:11     | Received a gift from Trog
 10352 | D:11     | Noticed Josephine
 10379 | D:11     | Killed Josephine
 10422 | D:11     | Found a staircase to the Lair.
 10541 | D:11     | Reached skill level 15 in Long Blades
 10907 | D:11     | Noticed an unseen horror
 10908 | D:11     | Killed an unseen horror
 10909 | D:11     | Reached XP level 12. HP: 111/111 MP: 3/11
 11381 | D:12     | Found a staircase to the Orcish Mines.
 11716 | D:12     | Got a transparent steel ring
 12439 | D:12     | Identified the cursed ring "Dekhlodgh" {rElec rN++ Will-
                  | Str+4 Dex-4} (You found it on level 12 of the Dungeon)
 12818 | D:13     | Reached skill level 16 in Long Blades
 13028 | D:13     | Noticed a catoblepas
 13036 | D:13     | Killed a catoblepas
 13068 | D:13     | Noticed a centaur warrior
 13076 | D:13     | Killed a centaur warrior
 13219 | D:13     | Found a gate to the Vaults.
 13219 | D:13     | Noticed a death knight
 13219 | D:13     | Noticed a vault guard
 13219 | D:13     | Noticed a centaur warrior
 13219 | D:13     | Noticed a vault guard
 13219 | D:13     | Noticed a vault guard
 13219 | D:13     | Noticed a vault guard
 13265 | D:12     | Killed a vault guard
 13381 | D:12     | Killed a vault guard
 13400 | D:13     | Reached skill level 17 in Long Blades
 13576 | D:13     | Found Qepteud's Distillery.
 13605 | D:13     | Identified the amulet "Menit" {*Slow rC- Regen+ Slay+5
                  | SInv}
 13619 | D:13     | Killed a centaur warrior
 13619 | D:13     | Received a gift from Trog
 13639 | D:13     | Found a portal to a secret trove of treasure.
 13841 | D:13     | Killed a vault guard
 13848 | D:13     | Killed a vault guard
 14269 | D:13     | Killed a death knight
 14270 | D:13     | Reached XP level 13. HP: 119/119 MP: 12/12
 14406 | D:13     | Bought a potion of attraction for 33 gold pieces
 14968 | D:14     | Found a flagged portal.
 14995 | Bailey   | Entered a bailey
 15000 | Bailey   | Noticed an orc warlord
 15060 | Bailey   | Found a runed translucent gate.
 15060 | Bailey   | Found a runed translucent gate.
 15081 | Bailey   | Found a runed translucent gate.
 15148 | Bailey   | Killed an orc warlord
 15165 | Bailey   | Reached skill level 19 in Long Blades
 15165 | Bailey   | Reached XP level 14. HP: 98/127 MP: 13/13
 15174 | Bailey   | Identified a scroll of acquirement
 15174 | Bailey   | Acquired a manual of Fighting
 15499 | D:14     | Received a gift from Trog
 15669 | D:15     | Entered Level 15 of the Dungeon
 15731 | D:15     | Found Ularr's Weapon Boutique.
 16082 | D:15     | Found a staircase to the Depths.
 16083 | D:15     | Noticed a fire giant
 16288 | D:15     | Killed from afar by a fire giant

Illustrated notes

Levels and vault maps discovered:
D:1:      sevenhm_arrival_forest_fort_large_1, layout_basic
D:2:      layout_basic, lemuel_doored_altar, hangedman_decor_points
D:3:      cheibrodos_pilgrimage, layout_rooms
D:4:      cheibrodos_old_hovel, layout_basic, cheibriados_altar_1, temple_pool_b
D:5:      layout_rooms, serial_shops, shop, shop_fountains, kennysheep_mini,
          evilmike_ruin_ashenzari
D:6:      layout_rooms, marbit_many_paths, minivault_11
D:7:      layout_basic, uniq_prince_ribbit1, uniq_duvessa
D:8:      layout_loops_cross, trog_eyes_of_draining, minitemple, basic_altar,
          uniq_erica, uniq_grum
D:9:      layout_irregular_city, gammafunk_ghost_hydra_chop,
          minmay_lindwurm_lava
D:10:     layout_rooms, doesnt_xom_only_xom, uniq_erolcha
D:11:     layout_roguey, due_lair_maze_entry_diamond, uniq_josephine
D:12:     layout_small_grid, david_orc_1_choice
D:13:     layout_gridville, lightli_vaults_fourway_checkpoint,
          nicolae_trove_entry_columns, serial_shops, shop, grunt_ministairs_12
D:14:     layout_roguey, enter_bailey_2, nicolae_lava_and_water
D:15:     grunt_enter_depths_giant_problem, layout_grid_maze, serial_shops,
          shop, serial_bayou_lagoon_a, lemuel_oklob_altar

Skill      XL: |  1  2  3  4  5  6  7  8  9 10 11 12 13 14 |
---------------+-------------------------------------------+-----
Fighting       | 4 5 6 7 9 10 11 12 13 | 13.5
Long Blades    | 4 5 6 7 9 11 12 14 15 17 19 | 19.5
Dodging        | 3 4 5 |  5.8
Armour         | 3 6 9 12 13 14 | 14.0

Action                   |  1- 3 |  4- 6 |  7- 9 | 10-12 | 13-15 || total
-------------------------+-------+-------+-------+-------+-------++-------
Melee: Falchion          |    74 |   101 |   252 |       |       ||   427
       Headbutt          |     9 |    29 |    66 |    91 |    52 ||   247
       Scimitar          |       |       |    24 |   145 |    10 ||   179
       Triple sword      |       |       |       |   195 |       ||   195
       Demon blade       |       |       |       |    27 |   122 ||   149
Invok: Berserk           |     1 |     1 |     7 |     7 |     4 ||    20
       Trog's Hand       |       |       |       |     1 |       ||     1
       Brothers in Arms  |       |       |       |     1 |       ||     1
  Use: Potion            |       |     1 |       |     2 |     1 ||     4
       Scroll            |       |     6 |     5 |    15 |     3 ||    29
 Stab: Sleeping          |       |     2 |       |       |       ||     2
       Petrified         |       |       |       |       |     1 ||     1
Armor: Animal skin       |    20 |     8 |       |       |       ||    28
       Robe              |       |     7 |     4 |       |       ||    11
       Plate armour      |       |       |    66 |   233 |    89 ||   388
Dodge: Dodged            |    69 |    84 |   183 |   275 |   122 ||   733
       Rpst.: Falchion   |    18 |    22 |    41 |       |       ||    81
       Scimitar          |       |       |     2 |    27 |       ||    29
       Triple sword      |       |       |       |    44 |       ||    44
       Demon blade       |       |       |       |     4 |    26 ||    30
